Cogmind - Beta 10 X2 @@@ ROGUE MODE // 2020.06.20 @ 23:07:12 Player: Nikolayag Result: Destroyed by G-47 Trooper with Particle Gun Performance ------------- Evolutions (1) 500 Regions Visited (3) 600 Robots Destroyed (7) 35 Value Destroyed (101) 101 Prototype IDs (0) 0 Alien Tech Used (0) 0 Bonus (0) 0 TOTAL SCORE: 1236 Bonus ------- None Cogmind --------- Core Integrity 0/400 Matter 300/300 Energy 99/100 System Corruption 2% Temperature Cool (9) Movement Core (50) Location -9/Materials Parts ------- > --- POWER (1) -------- (None) > --- PROPULSION (3) --- (None) > --- UTILITY (3) ------ Signal Interpreter > --- WEAPON (2) ------- (None) > --- INVENTORY (4) ---- Light Nuclear Core Improved Hover Unit Medium Storage Unit Signal Interpreter Peak State ------------ > --- POWER ------------ Light Nuclear Core > --- PROPULSION ------- Light Treads Improved Hover Unit Improved Hover Unit > --- UTILITY ---------- Medium Storage Unit Signal Interpreter Improved Terrain Scanner > --- WEAPON ----------- (None) > --- INVENTORY -------- Improved Ion Engine Light Treads Improved Hover Unit Improved Hover Unit Improved Hover Unit Medium Storage Unit Signal Interpreter Hardened Light Armor Plating [Rating: 13] Favorites ----------- Power Light Ion Engine Engine Light Ion Engine Power Core Light Nuclear Core Propulsion Improved Hover Unit Treads Light Treads Wheel Wheel Hover Unit Improved Hover Unit Flight Unit Flight Unit Utility Signal Interpreter Device Improved Terrain Scanner Storage Medium Storage Unit Processor Signal Interpreter Protection Hardened Light Armor Plating Weapon None Build | -11 -10 -10 -9 ------- Run | Scr Mat Min Mat Slots Evolved 2 | . . . 2 Power . | . . . . Propulsion 1 | . . . 1 Utility 1 | . . . 1 Weapon . | . . . . Parts Attached 34 | 4 10 2 18 Power 6 | 1 1 2 2 Engine 5 | 1 1 2 1 Core 1 | . . . 1 Reactor . | . . . . Propulsion 21 | 2 7 . 12 Treads 8 | . 2 . 6 Leg . | . . . . Wheel 2 | 2 . . . Hover 8 | . 5 . 3 Flight 3 | . . . 3 Utility 7 | 1 2 . 4 Device 2 | . . . 2 Storage 2 | 1 1 . . Processor 1 | . 1 . . Hackware . | . . . . Protection 2 | . . . 2 Artifact . | . . . . Weapon . | . . . . Energy Gun . | . . . . Energy Cannon . | . . . . Ballistic Gun . | . . . . Ballistic Cannon . | . . . . Launcher . | . . . . Special Weapon . | . . . . Impact Weapon . | . . . . Slashing Weapon . | . . . . Piercing Weapon . | . . . . Special Melee Weapon . | . . . . Unidentified Prototypes . | . . . . Parts Lost 13 | . 3 . 10 Power 3 | . 1 . 2 Propulsion 7 | . 2 . 5 Utility 3 | . . . 3 Weapon . | . . . . Highest Loss Streak 6 | . 3 . 6 Average Slot Usage (%) 69 | . 67 71 70 Engine 10 | . 13 14 7 Core 1 | . . . 2 Treads 8 | . 1 28 6 Hover 10 | . 24 . 5 Flight 8 | . . . 17 Device 3 | . . . 7 Storage 12 | . 14 14 10 Processor 11 | . 11 14 11 Protection 1 | . . . 2 Naked Turns . | . . . . Heaviest Build 20 | 7 11 11 20 Greatest Support 40 | 20 40 40 40 Greatest Overweight (x) 4 | . 2 . 4 Average Overweight (x) . | . . . . Largest Inventory Capacity 8 | 6 8 8 8 Average Capacity 7 | 5 6 8 7 Most Carried 8 | 5 7 8 8 Average Carried 6 | 2 5 6 7 Final Capacity 8 | 6 8 8 4 Final Carried 8 | 5 5 8 4 Class Distribution -------------------- 75% | Mutant 24% | Scavenger-Mutant Dominant Class ---------------- Mutant | -10/Materials Mutant | -10/Mines Scavenger-Mutant | -9/Materials Resources | -11 -10 -10 -9 ----------- Run | Scr Mat Min Mat Matter Collected 349 | 240 . 30 79 Remotely . | . . . . Salvage Created 174 | . . 80 94 Parts 21 | . . 10 11 Haulers Intercepted . | . . . . Recyclers Shooed . | . . . . Parts Field Recycled . | . . . . Retrieved Matter . | . . . . Parts Self-Destructed . | . . . . Prevented . | . . . . Kills | -11 -10 -10 -9 ------- Run | Scr Mat Min Mat Combat Hostiles Destroyed 6 | . . 5 1 Melee 6 | . . 5 1 Classes Destroyed 3 | . . 1 2 Recycler 1 | . . . 1 Swarmer 5 | . . 5 . Sentry 1 | . . . 1 Best Kill Streak 2 | . . 2 1 Combat Bots Only 2 | . . 2 1 Max Kills in Single Turn 1 | . . 1 1 Gunslinging . | . . . . Exploded . | . . . . Melee 1 | . . 1 1 Uniques/NPCs Destroyed . | . . . . Combat | -11 -10 -10 -9 -------- Run | Scr Mat Min Mat Damage Taken 2015 | . 175 269 1571 Core 534 | . 56 65 413 Absorbed by Shields . | . . . . Core Remaining (%) 75 | 100 . 51 . Volleys Fired . | . . . . Largest . | . . . . Hottest . | . . . . Shots Fired . | . . . . Gun . | . . . . Cannon . | . . . . Launcher . | . . . . Special . | . . . . Kinetic . | . . . . Thermal . | . . . . Explosive . | . . . . Electromagnetic . | . . . . Robot Hit Streak . | . . . . Robot Miss Streak . | . . . . Penetration Max . | . . . . Secondary Targets . | . . . . Shots Hit Robots . | . . . . Core Hits 32 | . . 19 13 Critical Hits . | . . . . Critical Kills . | . . . . Critical Parts Destroyed . | . . . . Melee Attacks . | . . . . Impact . | . . . . Slashing . | . . . . Piercing . | . . . . Sneak Attacks . | . . . . Combat Hostiles . | . . . . Follow-up Attacks . | . . . . Damage Inflicted 89 | . . 57 32 Guns . | . . . . Cannons . | . . . . Explosions . | . . . . Melee . | . . . . Ramming 89 | . . 57 32 Kinetic . | . . . . Thermal . | . . . . Explosive . | . . . . Electromagnetic . | . . . . Impact . | . . . . Slashing . | . . . . Piercing . | . . . . Highest Corruption 2 | . . . 2 Average Corruption 2 | . . . 2 Corruption Purged . | . . . . Effects 3 | . . . 3 Message Errors 2 | . . . 2 Energy Discharges 1 | . . . 1 Overload Shots . | . . . . Overflow Damage . | . . . . Projectiles . | . . . . Explosions . | . . . . Melee . | . . . . Knockbacks . | . . . . Impact . | . . . . Kinetic . | . . . . Secondary . | . . . . Self-Inflicted Damage 2 | . . . 2 Shots . | . . . . Rammed 61 | . . 33 28 Targets Rammed 63 | . . 34 29 Kicked . | . . . . Crushed 2 | . . 1 1 Highest Temperature . | . . . . Average Temperature . | . . . . Received Heat Transfer 561 | . . . 561 Siege Activations . | . . . . Robots Corrupted . | . . . . Combat Hostiles . | . . . . Parts Fried . | . . . . Impact Corruptions . | . . . . Robots Melted . | . . . . Combat Hostiles . | . . . . Parts Melted . | . . . . Heat Transferred . | . . . . Parts Sabotaged . | . . . . Parts Stolen . | . . . . Parts Stripped . | . . . . Power Chain Reactions . | . . . . Missiles Intercepted . | . . . . Alert | -11 -10 -10 -9 ------- Run | Scr Mat Min Mat Peak Influence 135 | . 28 135 75 Average Influence 35 | . 8 73 43 Maximum Alert Level . | . . . . Low Security (%) 100 | 100 100 100 100 Level 1 . | . . . . Level 2 . | . . . . Level 3 . | . . . . Level 4 . | . . . . Level 5 . | . . . . High Security . | . . . . Max Security . | . . . . Squads Dispatched 1 | . . . 1 Investigation . | . . . . Extermination . | . . . . Reinforcement 1 | . . . 1 Assault . | . . . . Garrison . | . . . . Intercept . | . . . . Construction Impeded . | . . . . Haulers Reinforced . | . . . . Stealth | -11 -10 -10 -9 --------- Run | Scr Mat Min Mat Distress Signals 1 | . . . 1 Communications Jammed . | . . . . Distress Signals . | . . . . Times Spotted 34 | . 6 7 21 Peak Tracking Total 13 | . 5 3 13 Tactical Retreats 4 | . . 2 2 Traps | -11 -10 -10 -9 ------- Run | Scr Mat Min Mat Traps Triggered 2 | . 2 . . Indirectly . | . . . . Trap Hack Attempts . | . . . . Triggered . | . . . . Disarmed . | . . . . Reprogrammed . | . . . . Reused . | . . . . Traps Extracted . | . . . . Installed . | . . . . Triggered . | . . . . Machines | -11 -10 -10 -9 ---------- Run | Scr Mat Min Mat Machines Disabled . | . . . . Max in Single Turn . | . . . . Machines Sabotaged . | . . . . Garrisons Compromised . | . . . . Overloaded Fab Kills . | . . . . Fab Network Shutdowns . | . . . . Hacking | -11 -10 -10 -9 --------- Run | Scr Mat Min Mat Machines Accessed 7 | . 5 . 2 Terminals 5 | . 4 . 1 Fabricators . | . . . . Repair Stations . | . . . . Recycling Units 2 | . 1 . 1 Scanalyzers . | . . . . Garrison Access . | . . . . Total Hacks 23 | . 21 . 2 Successful 10 | . 9 . 1 Failed 13 | . 12 . 1 Catastrophic 2 | . 1 . 1 Database Lockouts . | . . . . Manual 15 | . 14 . 1 Terminals 20 | . 19 . 1 Fabricators . | . . . . Repair Stations . | . . . . Recycling Units 3 | . 2 . 1 Scanalyzers . | . . . . Garrison Access . | . . . . Terminal Hacks 3 | . 3 . . Hauler Manifests 1 | . 1 . . Zone Layout 2 | . 2 . . Fabricator Hacks . | . . . . Repair Station Hacks . | . . . . Recycling Unit Hacks 2 | . 1 . 1 Retrieve Components 2 | . 1 . 1 Scanalyzer . | . . . . Garrison Access Hacks . | . . . . Unauthorized Hacks 5 | . 5 . . Terminals 5 | . 5 . . Track 3 | . 3 . . Botnet 2 | . 2 . . Fabricators . | . . . . Repair Stations . | . . . . Recycling Units . | . . . . Scanalyzers . | . . . . Garrison Access . | . . . . Data Cores Recovered . | . . . . Used . | . . . . Hacking Detections 6 | . 5 . 1 Full Trace Events 2 | . 2 . . Feedback Events . | . . . . Feedback Blocked . | . . . . Robot Schematics Acquired . | . . . . Robots Built . | . . . . Matter . | . . . . Time . | . . . . Total Robot Build Rating . | . . . . Part Schematics Acquired . | . . . . Parts Built . | . . . . Matter . | . . . . Time . | . . . . Total Part Build Rating . | . . . . Parts Repaired . | . . . . Time . | . . . . Parts Recycled . | . . . . Recycled Matter . | . . . . Retrieved Matter . | . . . . Retrieved Components 8 | . . . 8 Parts Scanalyzed . | . . . . Part Schematics Acquired . | . . . . Parts Damaged . | . . . . Bothacking | -11 -10 -10 -9 ------------ Run | Scr Mat Min Mat Used RIF Installer . | . . . . Robots Hacked . | . . . . Non-combat . | . . . . Combat . | . . . . Robot Hacks Applied . | . . . . Relay Couplers Released . | . . . . Robots Rewired . | . . . . Allies Hacked . | . . . . Hacks Repelled . | . . . . Allies | -11 -10 -10 -9 -------- Run | Scr Mat Min Mat Total Allies . | . . . . Largest Group . | . . . . Highest-Rated Group . | . . . . Highest-Rated Ally . | . . . . Total Orders . | . . . . Ally Attacks . | . . . . Total Damage . | . . . . Kills . | . . . . Allies Corrupted . | . . . . Allies Melted . | . . . . Intel | -11 -10 -10 -9 ------- Run | Scr Mat Min Mat Robot Analysis Total . | . . . . Derelict Logs Recovered 1 | . . 1 . Drone Launches . | . . . . Drone Recoveries . | . . . . Exploration | -11 -10 -10 -9 ------------- Run | Scr Mat Min Mat Turns Passed 1367 | 51 431 239 646 Spaces Moved 795 | 52 286 99 358 Core 47 | 3 1 . 43 Treads 159 | . 9 99 51 Legs . | . . . . Wheels 88 | 49 39 . . Hover 387 | . 237 . 150 Flight 114 | . . . 114 Fastest Speed 34 | 50 56 160 34 Average Speed 81 | 78 63 160 74 Slowest Speed 250 | 80 160 160 250 Overloaded Moves . | . . . . Propulsion Burnouts . | . . . . Robots Hopped . | . . . . Cave-ins Triggered . | . . . . Exploration Rate (%) 26 | 4 48 22 30 Regions Visited 3 Branch Regions 1 Pre-discovered Areas . | . . . . Known Exits Taken 2 | . 1 1 . Unknown Exits Taken 1 | 1 . . . Scrap Searched 1 | . . 1 . Spaces Dug . | . . . . Terrain Destroyed . | . . . . Melee . | . . . . Projectile . | . . . . AOE . | . . . . Actions | -11 -10 -10 -9 --------- Run | Scr Mat Min Mat Total 1473 | 60 536 161 716 Wait 546 | . 228 19 299 Move 792 | 51 285 98 358 Hop . | . . . . Pick Up 21 | 5 5 6 5 Fast Attach 16 | 4 7 . 5 Attach 8 | . 2 2 4 Detach 4 | . 2 . 2 Swap 10 | . 1 . 9 Drop 13 | . 6 2 5 Fire . | . . . . Melee . | . . . . Ram 4 | . . . 4 Kick . | . . . . Crush 59 | . . 34 25 Escape Stasis . | . . . . Rewire . | . . . . Trap . | . . . . Miscellaneous . | . . . . Route ------- -11/Scrapyard -10/Materials (discovered 2 exits: *Mat / *Min) -10/Mines -9/Materials (discovered 2 exits: *Mat / *Sto) History --------- Turn | Location | Event 14 | -11/Scrapyard | Discovered new exit (range 16) 52 | -11/Scrapyard | Entered Materials 315 | -10/Materials | Build established: Mutant 384 | -10/Materials | Discovered new exit (range 16) 463 | -10/Materials | Discovered new exit (range 16) 481 | -10/Materials | Identified exit to Mines 483 | -10/Materials | Entered Mines 510 | -10/Mines | Lost 3 parts (1p2n) 567 | -10/Mines | Learned 2 Materials zone layouts 652 | -10/Mines | Discovered new exit (range 6) 718 | -10/Mines | Identified exit to Materials 722 | -10/Mines | Entered Materials 722 | -9/Materials | Evolved 2 slots: Propulsion x1, Utility x1 1021 | -9/Materials | Build established: Scavenger-Mutant 1133 | -9/Materials | Lost 4 parts (1p3n) 1311 | -9/Materials | Discovered new exit (range 16) 1322 | -9/Materials | Identified exit to Materials 1341 | -9/Materials | Core integrity fell below 50% 1343 | -9/Materials | Core integrity fell below 20% 1353 | -9/Materials | Build established: Mutant 1366 | -9/Materials | Discovered new exit (range 3) 1367 | -9/Materials | Identified exit to Storage 1368 | -9/Materials | Destroyed by G-47 Trooper with Particle Gun Last Messages --------------- 01329_ Imp. Terrain Scanner destroyed. 01333_ R-06 Scavenger collects Sml. Laser. 01335_ Crushed R-06 Scavenger. 01335_ R-06 Scavenger destroyed. 01335_ R-06 Scavenger collects Sml. Laser. 01336_ Acquired 32 matter. 01336_ Hrd. Light Armor Plating destroyed. 01337_ Slammed into G-34 Mercenary. 01338_ Slammed into L-31 Rogue. 01338_ R-06 Scavenger collects Lgt. Treads. 01338_ Lgt. Treads destroyed. 01339_ Lgt. Treads severed. 01340_ Slammed into L-31 Rogue. 01341_ R-06 Scavenger collects Lgt. Treads. 01342_ Slammed into L-31 Rogue. 01344_ R-06 Scavenger collects Sml. Storage Unit. 01348_ Med. Storage Unit destroyed. 01351_ W-16 Scout destroyed. 01366_ EXIT=FOUND 01367_ EXIT=IDENTIFIED: STORAGE Map ----- +----------------------------------------------------+ | ???????????? #???# ######## ???? | | ???????????? #???# # # ? """ | | ???????????? #???# #"S # """"""" # """ | | ???????????? #???# #""" # """"""" # """ | | ????????????############ # "" # """"""" # | | ??????????????# # # # """"""" # """ | | ??????????????#""" # # """ # """"""??# """ | | ??????????????#""" # # """ # ???????# ???? | | ??????????????#""" # # """ ###???????# ???? | | ??????????????# + + """ #??????????????? | | ??????????????#""" # # """ #??????????#???? | | ??????????????#""" # # #??????????????? | | ??????????????#""" # # #?????????????#? | | ??????????????# ##+#########??????????????? | | ??????????????# ######## ####????????????? | | ??????????????###??????# !# ????????????? | | ???????????????????????# # ????????????? | | ???????????????????????# # ????????????? | | ???????????????????????# ! # ????????????? | | ???????????????????????#!!! # ""????????????? | | ???????????????????????#!! #???????????????? | | ???????????????????????#!! #???????????????? | | ?????????????????###########+#####???????????????? | | ????????????????? # #######+??????????? | | ??????????????????"" """ # g ??????? | | ??????????????????"" """ @ > ??????? | | ??????????????????"" """ # g ??????? | | ????????????????? # #######+###???????? | | ???????????????? ?## ##?????????????????? | | ???????????????# ??# #??????????????????? | | ???????????????# ???# #??????????????????? | | ???????????????########???# #??????????????????? | | ??????????????????????????# #??????????????????? | | ??????????????????????????# #??????????????????? | | ??????????????????????????# #??????????????????? | | ??????????????????????????? #??????????????????? | | ??????????????????????????? #??????????????????? | | ??????????????????????????? #??????????????????? | | ???????????????????????????####??????????????????? | | ?????????????????????????????????????????????????? | | ?????????????????????????????????????????????????? | | ?????????????????????????????????????????????????? | | ?????????????????????????????????????????????????? | | ?????????????????????????????????????????????????? | | ?????????????????????????????????????????????????? | | | | | | | | | | | +----------------------------------------------------+ Best States ------------- Heat Dissipation 28 Energy Generation 14 Energy Capacity 265 Matter Stores 300 Matter Capacity 300 Sight Range 16 Terrain Scan Range 16 Terrain Scan Density 10 Armor Coverage 150 Evasion (%) 63 Recoil Reduction 2 Item Schematics ----------------- None Robot Schematics ------------------ None Fabricated ------------ Nothing Alien Tech Used ----------------- None Achievements -------------- None Challenges ------------ None Game ------ Seed PropulsionPointMatter Manual? 0 Play Time 00:13:34 Cumulative 256.3 hours Start 2020.06.20 @ 22:53:09 End 2020.06.20 @ 23:07:12 Sessions 1 Manual Loads 0 Difficulty Rogue Special Mode None Game No. 196 Rogue 196 Adventurer 0 Explorer 0 Win Type - Total 5 Types 5/0/0/0/0/0/0 Lore% 74 Gallery% 85 Achievement% 67 Wizard Run 0 Options --------- ASCII 0 Keyboard 1 Movement Numpad Keybinds 0 Fullscreen 2 Font 18/SmallcapsGlow Map View 76x50 Tactical HUD 1 Map Filters NONE Filters NONE Steam 1 RUN: cd39f6d8-2209-464b-84a0-e687aba4ef41